 Dungeon Crawl Stone Soup version 0.20.1-1-g8b1a95d (webtiles) character file.

21 letownia2 the Grave Robber (level 2, 0/22 HPs)
             Began as a Deep Dwarf Necromancer on Dec 8, 2017.
             Slain by an orc priest (3 damage)
             ... on level 3 of the Dungeon.
             The game lasted 00:02:35 (914 turns).

letownia2 the Grave Robber (Deep Dwarf Necromancer)  Turns: 914, Time: 00:02:36

Health: 0/22       AC:  2    Str: 11    XL:     2   Next: 65%
Magic:  5/5        EV: 12    Int: 15    God:
Gold:   53         SH:  0    Dex: 13    Spells: 4/5 levels left

rFire    . . .     SeeInvis .   a - +0 short sword
rCold    . . .     Gourm    .   (no shield)
rNeg     . . .     Faith    .   h - +0 robe
rPois    .         Spirit   .   (no helmet)
rElec    .         Reflect  .   (no cloak)
rCorr    .         Harm     .   (no gloves)
MR       .....                  (no boots)
Stlth    ++........             (no amulet)
Regen    0.0/turn               (no ring)
MPRegen  0.1/turn               (no ring)

@: non-regenerating
A: damage resistance, heal wounds, sense surroundings 1, no regeneration
a: Heal Wounds


You were on level 3 of the Dungeon.
You were not hungry.

You visited 1 branch of the dungeon, and saw 4 of its levels.

You collected 53 gold pieces.

Inventory:

Hand Weapons
 a - a +0 short sword (weapon)
Missiles
 g - 26 bolts
Armour
 h - a +0 robe (worn)
Scrolls
 i - a scroll of enchant weapon {unknown}
 l - a scroll of identify {unknown}
 m - a scroll of recharging {unknown}
Potions
 e - a potion of might {unknown}
 j - 3 potions of haste {unknown}
 k - 2 potions of curing {unknown}
Books
 b - a book of Necromancy

   Spells                             Type                      Level
   a - Pain                           Necromancy                   1
   b - Animate Skeleton               Necromancy                   1
   c - Vampiric Draining              Necromancy                   3
   d - Regeneration                   Charms/Necromancy            3
   e - Animate Dead                   Necromancy                   4
   f - Control Undead                 Necromancy                   4
Comestibles
 c - a bread ration
 d - a meat ration
 f - a royal jelly
 n - a chunk of flesh


   Skills:
 - Level 2.1 Dodging
 - Level 2.4 Stealth
 - Level 2.0 Spellcasting
 + Level 5.1 Necromancy


You had 4 spell levels left.
You knew the following spells:

 Your Spells              Type           Power        Failure   Level  Hunger
a - Pain                  Necr           ###.         2%          1    #......


Dungeon Overview and Level Annotations

Branches:
Dungeon (4/15)
 Temple: D:4-7

Altars:

Annotations:
D:4 Ijyb


Innate Abilities, Weirdness & Mutations

You are resistant to damage.
You can heal yourself by infusing magical energy.
You passively map a small area around you.
You do not regenerate.


Message History

The orc priest closely misses you.
Unknown command.
You hit the orc priest but do no damage.
The orc priest misses you. The orc priest hits you.
* * * LOW HITPOINT WARNING * * *
You hit the orc priest but do no damage.
The orc priest misses you. The orc hits you but does no damage.
The orc priest hits you.
* * * LOW HITPOINT WARNING * * *
The orc priest misses you.
You hit the orc priest but do no damage.
The orc closely misses you.
The orc priest calls down the wrath of Beogh upon you.
You barely resist.
The orc priest looks encouraged for a moment.
Unknown command.
You barely miss the orc priest. The orc barely misses you.
The orc priest looks braver for a moment.
The orc misses you. The orc priest hits you.
You die...

, , ##### #.###### ..
.###.#...###.####
#.##...##..........#
#....#........†.##.#
#.......##.####.##.#
#..........# #.##.#
*#......##.# #.##.###
*#..ooo###.####.......
, #o@..........###.##
#.#
#..##.###............
#.# #. #.#
##..##.#.###. #.# ..
#)# #..##...###. #.#
#. * #.# #..##....(..
#.# # #.# #..##..###..
#.# #.# #..##..# #..
##.# * #.#
#..##..###.. # #..# *
#..##.......


You could see 2 orc priests and 2 orcs.

Vanquished Creatures
  An adder skeleton (D:3)
  A giant cockroach (D:3)
  A goblin (D:1)
  3 hobgoblins
  A jackal (D:1)
  2 bats (D:1)
  A frilled lizard (D:1)
  3 kobolds (D:1)
  6 rats
19 creatures vanquished.

Notes
Turn   | Place    | Note
-------+----------+-------------------------------------------
     0 | D:1      | letownia2 the Deep Dwarf Necromancer began the quest for the Orb.
     0 | D:1      | Reached XP level 1. HP: 15/15 MP: 3/3
   318 | D:1      | Reached XP level 2. HP: 20/22 MP: 2/4
   657 | D:3      | Reached skill level 5 in Necromancy
   695 | D:4      | Noticed Ijyb
   914 | D:3      | Slain by an orc priest

Skill      XL: |  1  2 |
---------------+-------+-----
Spellcasting   | 2 |  2.0
Necromancy     | 5 |  5.1
Dodging        | |  2.1
Stealth        | |  2.4

Action                   || total
-------------------------++-------
Melee: Unarmed           ||     2
       Short sword       ||    16
 Cast: Pain              ||    36
  Eat: Chunk             ||     1
Armor: Robe              ||     5
Dodge: Dodged            ||    25
